 Dungeon Crawl Stone Soup version 0.22-a0-223-g0f5d773 (webtiles) character file.

49204 vishdafish the Carver (level 14, -5/109 HPs)
             Began as a Demonspawn Gladiator on Feb 18, 2018.
             Was a High Priest of Yredelemnul.
             Slain by an entropy weaver (8 damage)
             ... on level 1 of the Spider Nest on Feb 19, 2018.
             The game lasted 01:01:50 (21870 turns).

vishdafish the Carver (Demonspawn Gladiator)       Turns: 21870, Time: 01:01:52

Health: -5/109     AC: 10    Str: 17    XL:     14   Next: 15%
Magic:  20/20      EV: 26    Int: 14    God:    Yredelemnul [*****.]
Gold:   2185       SH:  0    Dex: 17    Spells: 16/21 levels left

rFire    . . .     SeeInvis +   C - +0 great sword
rCold    + + .     Gourm    .   (shield currently unavailable)
rNeg     . . .     Faith    .   E - +3 leather armour "Odawatooce" {Int+4}
rPois    .         Spirit   .   (helmet unavailable)
rElec    .         Reflect  .   c - +2 cloak {rC+}
rCorr    .         Harm     .   W - +1 pair of gloves
MR       +....                  (no boots)
Stlth    +.........             w - amulet of magic regeneration
HPRegen  0.28/turn              e - +4 ring of evasion
MPRegen  0.42/turn              y - +6 ring of protection

@: corroded
A: antennae 3, repulsion field 2, cold resistance 1, demonic guardian 2, foul
stench 1, rot immunity
a: Recall Undead Slaves, Injury Mirror, Animate Dead, Drain Life, Enslave Soul,
Renounce Religion


You were on level 1 of the Spider Nest.
You worshipped Yredelemnul.
Yredelemnul was extremely pleased with you.
You were hungry.

You visited 5 branches of the dungeon, and saw 22 of its levels.
You also visited: Ice Cave.

You collected 2185 gold pieces.

Inventory:

Hand Weapons
 u - a +2 arbalest of flaming
 C - a +0 great sword (weapon)
 S - a +0 scimitar of flaming
Missiles
 d - 2 throwing nets (quivered)
 D - 76 bolts
Armour
 c - a +2 cloak of cold resistance (worn)
 h - a +2 crystal plate armour of cold resistance
 E - the +3 leather armour "Odawatooce" (worn) {Int+4}
   (You found it on level 6 of the Dungeon)

   It affects your intelligence (+4).
 W - a +1 pair of gloves (worn)
Jewellery
 e - a +4 ring of evasion (left hand)
 p - an uncursed ring of positive energy
 w - an amulet of magic regeneration (around neck)
 y - a +6 ring of protection (right hand)
 B - an uncursed ring of see invisible
 K - an uncursed ring of protection from magic
 Z - an uncursed ring of protection from cold
Wands
 a - a wand of polymorph (16)
 b - a wand of flame (25)
 I - a wand of digging (30)
 J - a wand of acid (7)
Scrolls
 g - 2 scrolls of fog
 i - 3 scrolls of enchant weapon {unknown}
 k - 8 scrolls of teleportation
 l - 4 scrolls of enchant armour
 m - 5 scrolls of blinking
 n - 7 scrolls of amnesia
 q - 2 scrolls of noise {unknown}
 t - 7 scrolls of remove curse
 x - 4 scrolls of magic mapping
 z - 3 scrolls of fear {unknown}
 L - a scroll of brand weapon {unknown}
 M - a scroll of summoning {unknown}
 N - a scroll of vulnerability
 O - 2 scrolls of random uselessness {unknown}
 R - 2 scrolls of torment {unknown}
Potions
 o - 4 potions of degeneration
 r - a potion of ambrosia {unknown}
 s - 4 potions of flight
 v - 4 potions of magic
 A - 2 potions of curing
 F - 2 potions of mutation
 G - a potion of heal wounds
 H - a potion of agility
 P - 3 potions of brilliance {unknown}
 T - a potion of cancellation {unknown}
 U - 2 potions of resistance
 V - 2 potions of haste
 Y - a potion of lignification
Miscellaneous
 j - a phantom mirror
Comestibles
 f - 19 rations


   Skills:
 + Level 9.7 Fighting
 - Level 10.2 Long Blades
 - Level 9.1 Crossbows
 - Level 2.5 Throwing
 - Level 8.0 Armour
 + Level 10.2 Dodging
 - Level 4.2 Spellcasting
 * Level 8.0 Summonings
 - Level 5.0 Invocations
 - Level 6.3 Evocations


You had 16 spell levels left.
You knew the following spells:

 Your Spells              Type           Power        Failure   Level  Hunger
a - Aura of Abjuration    Summ           ####......   22%         5    ######.


Dungeon Overview and Level Annotations

Branches:
Dungeon (12/15)            Temple (1/1) D:4            Lair (6/6) D:8
  Swamp (0/4) Lair:2       Spider (1/4) Lair:3        Slime (0/5) Lair:5
    Orc (2/2) D:10            Elf (0/3) Orc:2

Altars:
Cheibriados
Dithmenos
Hepliaklqana
Okawaru
Sif Muna
Wu Jian
Yredelemnul
Zin
The Shining One
Jiyva

Shops:
Orc:2 [([%

Annotations:
D:3 1 runed door
D:12 braks's ghost, journeyman MfFi


Innate Abilities, Weirdness & Mutations

You have a pair of large antennae on your head. (SInv)
You are surrounded by a moderate repulsion field. (EV +3)
Your flesh is cold resistant. (rC+)
A demonic guardian rushes to your aid.
You may emit foul miasma when damaged in melee.
You are immune to rotting.


Message History

You feel better. The entropy weaver barely misses you.
The entropy weaver hits you but does no damage.
The entropy weaver hits you!
* * * LOW HITPOINT WARNING * * *
The entropy weaver hits you.
* * * LOW HITPOINT WARNING * * *
The wolf spider is engulfed in dark miasma.
The wolf spider looks even sicker.
You kill the wolf spider!
Yredelemnul accepts your kill.
Your smoke demon gestures at the entropy weaver.
The entropy weaver is smitten.
The entropy weaver hits you!
* * * LOW HITPOINT WARNING * * *
The entropy weaver hits you.
* * * LOW HITPOINT WARNING * * *
The entropy weaver hits you!
* * * LOW HITPOINT WARNING * * *
The entropy weaver hits you!
You die...
Your body rises from the dead as a mindless zombie.

.....####
#####.....^#....
....#
###.......##...
#..#
#.......#..#... ..#
##......##.#... ..
##......###...
#.......# ...
######.......# )
##...##.......#
#.@..#........>
##a§......##...
#.Z3......# ...
##z.^##..## ..
#§...#....#
.....s.§...#......
..........##.......
.......#### ......
....... ....


You could see an entropy weaver, a friendly skeletal warrior, a friendly smoke
demon and a friendly jumping spider zombie.

Vanquished Creatures
  A reaper (IceCv)
  7 two-headed ogres
  2 ogre magi (Orc:2)
  An orc high priest (Orc:1)
  The ghost of KristoblXynda the Slasher, a novice HuSk (D:6)
  An orc knight (Orc:2)
  2 orc sorcerers (Orc:2)
  A manticore (D:11)
  A wolf spider (Spider:1)
  An elephant (D:8)
  3 black mambas
  4 torpor snails (Lair:1)
  A guardian serpent (Lair:6)
  An ice statue (IceCv)
  5 spiny frogs
  9 ice devils (IceCv)
  A rime drake (Lair:4)
  A polar bear (Lair:5)
  2 jumping spiders (Spider:1)
  A hornet (Lair:6)
  2 blink frogs
  A hippogriff (D:9)
  A redback (Lair:6)
  10 yaks
  6 wyverns
  A steam dragon (D:9)
  2 hungry ghosts
  A basilisk (Lair:6)
  4 vampire mosquitoes (Lair:2)
  7 water moccasins
  5 porcupines
  An ice beast (D:10)
  A black bear (Lair:1)
  9 orc warriors
  2 sky beasts (D:7)
  A phantom (D:7)
  17 ogres
  A wolf (Lair:4)
  4 crocodiles
  6 centaurs
  A big kobold (D:9)
  8 bullfrogs
  A wyvern zombie (D:11)
  A water moccasin zombie (D:10)
  2 scorpions
  3 killer bees (D:11)
  2 wights (D:11)
  A bullfrog zombie (D:4)
  5 crimson imps
  2 howler monkeys
  A centaur zombie (D:4)
  2 bullfrog skeletons
  3 hounds
  13 orc priests
  4 jellies
  A centaur skeleton (D:5)
  3 iguanas
  13 orc wizards
  11 worker ants
  A hell rat (Lair:5)
  A hound zombie (D:4)
  A hound skeleton (D:4)
  A worker ant zombie (D:4)
  4 gnolls (D:1)
  10 adders
  5 river rats (Lair:5)
  A shadow imp (D:10)
  7 white imps (IceCv)
  5 ufetubi (IceCv)
  3 oozes
  An adder zombie (D:4)
  2 adder skeletons
  A worm (D:5)
  3 dart slugs (D:1)
  5 leopard geckos
  57 orcs
  8 giant cockroaches
  10 goblins
  9 hobgoblins
  22 jackals
  A quokka (D:3)
  13 bats
  3 frilled lizards
  17 kobolds
  A leopard gecko skeleton (D:4)
  A quokka skeleton (D:9)
  10 rats
408 creatures vanquished.

Vanquished Creatures (collateral kills)
  An orc warlord (Orc:2)
  A catoblepas (Lair:6)
  5 hydras
  Erica (Lair:2)
  9 two-headed ogres
  2 ogre magi (Orc:2)
  A deep elf mage (D:11)
  2 ugly things (D:11)
  An orc sorcerer (Orc:2)
  3 oklob plants (Lair:4)
  2 wolf spiders (Lair:6)
  An ice statue (IceCv)
  A gargoyle (D:10)
  4 black mambas
  8 spiny frogs
  A freezing wraith (D:11)
  4 komodo dragons
  The ghost of Syneil the Skirmisher, an amateur GnWn (D:4)
  6 trolls
  A hornet (Lair:6)
  6 blink frogs
  3 hippogriffs
  4 redbacks
  25 yaks
  A wraith (Lair:6)
  9 wyverns (Lair:6)
  A vampire mosquito (Lair:2)
  2 basilisks
  3 wargs
  2 hungry ghosts
  8 water moccasins
  10 orc warriors
  3 phantoms (D:10)
  A black bear (D:9)
  18 ogres
  A necrophage (D:11)
  2 centaurs
  A crocodile (Lair:6)
  2 big kobolds (D:11)
  4 bullfrogs
  A scorpion (D:9)
  A killer bee (D:11)
  2 wights (D:11)
  2 howler monkeys (D:10)
  2 electric eels (Lair:3)
  2 centaur zombies
  A crimson imp (D:9)
  A bullfrog zombie (D:5)
  A hound (D:8)
  2 jellies
  5 orc priests
  4 orc wizards
  An iguana (D:9)
  2 worker ants
  6 hell rats
  A worker ant zombie (D:4)
  2 adders
  2 river rats (Lair:5)
  2 shadow imps
  3 oozes (D:9)
  A leopard gecko (D:5)
  18 orcs
  A hobgoblin (D:3)
  2 jackals
  2 quokkas
  A giant cockroach zombie (D:4)
  6 kobolds (D:11)
  A rat (Lair:5)
  29 fungi
  31 plants
296 creatures vanquished.

Vanquished Creatures (others)
  An ugly thing zombie (D:11)
  A hippogriff (D:8)
  2 vampires (Orc:2)
  A black mamba zombie (Lair:1)
  18 flying skulls
  2 wraiths
  2 two-headed ogre zombies (Orc:2)
  A blink frog zombie (Lair:3)
  A komodo dragon zombie (Lair:5)
  A water moccasin zombie (Lair:4)
  A troll zombie (Orc:2)
  4 yak zombies
  A bullfrog zombie (D:9)
  An orc priest (D:10)
  A black bear zombie (D:9)
  A killer bee zombie (D:11)
  A crocodile zombie (Lair:4)
  11 ogre zombies (Orc:2)
  A sky beast zombie (D:7)
  A necrophage skeleton (D:11)
  A mummy (IceCv)
  2 worker ant zombies
  A steam dragon zombie (D:9)
  4 white imps (IceCv)
  4 ufetubi (IceCv)
  An orc (D:10)
  2 river rat zombies (Lair:5)
  2 kobold zombies (D:11)
  27 orc zombies
  A rat zombie (Lair:5)
  8 fungi
  11 plants
117 creatures vanquished.

Grand Total: 821 creatures vanquished

Notes
Turn   | Place    | Note
-------+----------+-------------------------------------------
     0 | D:1      | vishdafish the Demonspawn Gladiator began the quest for the Orb.
     0 | D:1      | Reached XP level 1. HP: 16/16 MP: 1/1
    77 | D:1      | Gained mutation: A weak demonic guardian rushes to your aid. [demonic ancestry]
    77 | D:1      | Reached XP level 2. HP: 12/22 MP: 2/2
   408 | D:1      | Reached XP level 3. HP: 27/27 MP: 3/3
  1126 | D:1      | Gained mutation: You have a pair of small antennae on your head. [demonic ancestry]
  1126 | D:1      | Reached XP level 4. HP: 34/34 MP: 4/4
  1515 | D:2      | Found a shadowy altar of Dithmenos.
  2188 | D:3      | Gained mutation: You are surrounded by a mild repulsion field. (EV +2) [demonic ancestry]
  2188 | D:3      | Reached XP level 5. HP: 29/40 MP: 5/5
  2790 | D:3      | Found a runed door.
  2875 | D:3      | Reached skill level 1 in Armour
  3076 | D:3      | Found a glowing silver altar of Zin.
  3248 | D:3      | Noticed a two-headed ogre
  3309 | D:4      | Noticed Syneil's ghost (amateur GnWn)
  3404 | D:4      | Gained mutation: You are surrounded by a moderate repulsion field. (EV +3) [demonic ancestry]
  3404 | D:4      | Reached XP level 6. HP: 35/47 MP: 6/6
  3538 | D:4      | Found a staircase to the Ecumenical Temple.
  3547 | Temple   | Entered the Ecumenical Temple
  3578 | Temple   | Became a worshipper of Yredelemnul the Dark
  3717 | D:4      | Killed Syneil's ghost
  3994 | D:4      | Reached XP level 7. HP: 42/52 MP: 7/7
  4097 | D:5      | Entered Level 5 of the Dungeon
  4643 | D:5      | Reached * piety under Yredelemnul
  4804 | D:5      | Reached skill level 5 in Armour
  4807 | D:5      | Reached skill level 5 in Dodging
  5313 | D:6      | Gained mutation: You have a pair of antennae on your head. [demonic ancestry]
  5313 | D:6      | Reached XP level 8. HP: 17/58 MP: 8/8
  5672 | D:6      | Reached skill level 1 in Invocations
  5681 | D:6      | Reached skill level 1 in Crossbows
  5739 | D:6      | Noticed KristoblXynda's ghost (novice HuSk)
  5757 | D:6      | Killed KristoblXynda's ghost
  5757 | D:6      | Reached skill level 5 in Long Blades
  5958 | D:6      | Got a warped leather armour
  5969 | D:6      | Identified the +3 leather armour "Odawatooce" {Int+4} (You found it on level 6 of the Dungeon)
  6496 | D:7      | Gained mutation: You have a pair of large antennae on your head. (SInv) [demonic ancestry]
  6496 | D:7      | Reached XP level 9. HP: 64/64 MP: 12/12
  6699 | D:7      | Reached skill level 5 in Invocations
  7153 | D:7      | Found an ornate altar of the Wu Jian Council.
  7153 | D:7      | Found a snail-covered altar of Cheibriados.
  7153 | D:7      | Found a glowing golden altar of the Shining One.
  7283 | D:8      | Noticed a two-headed ogre
  7286 | D:8      | Noticed a two-headed ogre
  7289 | D:8      | Killed a two-headed ogre
  7315 | D:8      | Killed a two-headed ogre
  7315 | D:8      | Reached skill level 5 in Crossbows
  7345 | D:8      | Reached ** piety under Yredelemnul
  7349 | D:8      | Noticed an elephant
  7428 | D:8      | Killed an elephant
  7428 | D:8      | Gained mutation: A demonic guardian rushes to your aid. [demonic ancestry]
  7428 | D:8      | Reached XP level 10. HP: 70/70 MP: 13/13
  7464 | D:8      | Noticed a two-headed ogre
  7489 | D:8      | Killed a two-headed ogre
  7518 | D:8      | Found a staircase to the Lair.
  8694 | D:9      | Noticed a two-headed ogre
  8698 | D:9      | Killed a two-headed ogre
  8932 | D:9      | Noticed a two-headed ogre
  8932 | D:9      | Reached *** piety under Yredelemnul
  8938 | D:9      | Killed a two-headed ogre
  9228 | D:9      | Reached XP level 11. HP: 75/75 MP: 14/14
  9683 | D:10     | Entered Level 10 of the Dungeon
  9683 | D:10     | Found a staircase to the Orcish Mines.
  9876 | D:10     | Noticed a two-headed ogre
  9881 | D:10     | Killed a two-headed ogre
  9881 | D:10     | Received a gift from Yredelemnul (5 flying skulls)
 10038 | D:10     | Noticed a two-headed ogre
 10045 | D:10     | Killed a two-headed ogre
 10121 | D:10     | Reached **** piety under Yredelemnul
 10567 | D:11     | Noticed a cyan ugly thing
 10569 | D:11     | Killed a cyan ugly thing
 10616 | D:11     | Reached skill level 10 in Long Blades
 10624 | D:11     | Noticed a six-headed hydra
 10631 | D:11     | Killed a seven-headed hydra
 10846 | D:11     | Noticed a purple ugly thing
 10854 | D:11     | Killed a purple ugly thing
 11179 | D:11     | Reached skill level 1 in Evocations
 11347 | D:11     | Noticed a deep elf mage
 11349 | D:11     | Noticed a soul eater
 11355 | D:11     | Killed a deep elf mage
 11473 | D:12     | Noticed braks's ghost (journeyman MfFi)
 11483 | D:11     | Reached skill level 1 in Spellcasting
 11672 | Lair:1   | Entered Level 1 of the Lair of Beasts
 11713 | Lair:1   | Found a frozen archway.
 11727 | IceCv    | Entered an ice cave
 11990 | IceCv    | Received a gift from Yredelemnul (a mummy)
 12502 | IceCv    | Gained mutation: Your flesh is cold resistant. (rC+) [demonic ancestry]
 12502 | IceCv    | Reached XP level 12. HP: 66/84 MP: 15/15
 12859 | IceCv    | Noticed a reaper
 12869 | IceCv    | Killed a reaper
 12869 | IceCv    | Reached skill level 5 in Fighting
 13751 | Lair:1   | Found a snail-covered altar of Cheibriados.
 14038 | Lair:1   | Noticed a four-headed hydra
 14044 | Lair:1   | Noticed an eight-headed hydra
 14045 | Lair:1   | Killed a four-headed hydra
 14052 | Lair:1   | Killed an eight-headed hydra
 14504 | Lair:2   | Noticed Erica
 14510 | Lair:2   | Killed Erica
 14510 | Lair:2   | Reached skill level 5 in Evocations
 14868 | Lair:2   | Found a staircase to the Swamp.
 15464 | Lair:3   | Received a gift from Yredelemnul (a wraith)
 15502 | Lair:3   | Found a hazy altar of Hepliaklqana.
 15743 | Lair:3   | Found a hole to the Spider Nest.
 15923 | Lair:3   | Noticed a seven-headed hydra
 15930 | Lair:3   | Killed a seven-headed hydra
 16346 | Lair:4   | Reached ***** piety under Yredelemnul
 17264 | Lair:5   | Found a viscous altar of Jiyva.
 17265 | Lair:5   | Found a staircase to the Slime Pits.
 17265 | Lair:5   | Gained mutation: You are immune to rotting. [demonic ancestry]
 17265 | Lair:5   | Reached XP level 13. HP: 76/96 MP: 19/19
 17633 | Lair:5   | Received a gift from Yredelemnul (a wraith)
 17888 | Lair:5   | Learned a level 5 spell: Aura of Abjuration
 17897 | Lair:5   | Received a gift from Yredelemnul (a wraith)
 18225 | Lair:6   | Entered Level 6 of the Lair of Beasts
 18231 | Lair:6   | Reached skill level 1 in Summonings
 18373 | Lair:6   | Received a gift from Yredelemnul (4 flying skulls)
 18400 | Lair:6   | Received a gift from Yredelemnul (4 flying skulls)
 18755 | Lair:6   | Received a gift from Yredelemnul (5 flying skulls)
 19183 | Lair:6   | Reached skill level 5 in Summonings
 20244 | Orc:1    | Entered Level 1 of the Orcish Mines
 20402 | Orc:2    | Entered Level 2 of the Orcish Mines
 20414 | Orc:2    | Received a gift from Yredelemnul (a vampire)
 20524 | Orc:2    | Found a staircase to the Elven Halls.
 20541 | Orc:2    | Received a gift from Yredelemnul (a vampire)
 20580 | Orc:2    | Noticed an orc warlord
 20605 | Orc:2    | Killed an orc warlord
 20625 | Orc:2    | Reached ****** piety under Yredelemnul
 20705 | Orc:2    | Paralysed by an ogre mage for 7 turns
 20719 | Orc:2    | Received a gift from Yredelemnul (a skeletal warrior)
 20879 | Orc:2    | Reached skill level 10 in Dodging
 20884 | Orc:2    | Found Ager's Food Boutique.
 20884 | Orc:2    | Found Ykokh's Weapon Shoppe.
 20884 | Orc:2    | Found Ligriept's Armour Shoppe.
 20884 | Orc:2    | Found Ottij's Armour Shop.
 20892 | Orc:2    | Gained mutation: You may emit foul miasma when damaged in melee. [demonic ancestry]
 20892 | Orc:2    | Reached XP level 14. HP: 71/108 MP: 20/20
 20911 | Orc:2    | Received a gift from Yredelemnul (a phantasmal warrior)
 21319 | Orc:1    | Received a gift from Yredelemnul (a flayed ghost)
 21723 | Spider:1 | Entered Level 1 of the Spider Nest
 21861 | Spider:1 | Noticed an entropy weaver
 21870 | Spider:1 | HP: 3/109 [entropy weaver (9)]
 21870 | Spider:1 | Slain by an entropy weaver

Vault maps used:
D:1:      dpeg_arrival_fog, kennysheep_flooded_box
D:2:      marbit_many_paths, first_ration, nicolae_underground_beach
D:3:      cheibrodos_greedy_goblins, zin_academy, uniq_crazy_yiuf_cottage
D:4:      minmay_temple_entry_butterflies, serial_undead, serial_undead_d,
          serial_undead_c, serial_undead_b, serial_undead_c,
          kennysheep_generic_room_10
D:5:      kennysheep_six_static_rooms, hangedman_decor_clover_reticule
D:7:      gammafunk_temple_overflow_forgotten
D:8:      david_lair_generic
D:9:      hangedman_little_slice_of_home, onia_ninara_cookie
D:10:     orc_0_dummy
D:11:     minmay_diamond_stairs
D:12:     kennysheep_bubbly
Temple:   minmay_crystal_spiral_temple
Lair:1:   portal_ice_cave_entry_pillars_1, minivault_26, minivault_24,
          kennysheep_snail_temple
Lair:2:   minmay_swamp_entry_swarm, uniq_erica
Lair:3:   spider_nest_entry_web_field, lemuel_centaur_altar,
          serial_bayou_shore_a
Lair:4:   minmay_lair_oklob_chamber
Lair:5:   slime_altar_1, kennysheep_abandoned_house
Lair:6:   hangedman_lair_tendril_chambers, serial_bayou_pond_d
Orc:2:    st_orc_ogre_mass
IceCv:    ice_cave_small_demon

Skill      XL: |  1  2  3  4  5  6  7  8  9 10 11 12 13 14 |
---------------+-------------------------------------------+-----
Long Blades    | 3 4 5 7 9 10 | 10.2
Throwing       | 2 |  2.5
Dodging        | 3 4 5 6 7 8 10 | 10.2
Fighting       | 3 4 7 9 |  9.7
Armour         | 1 3 5 6 8 |  8.0
Invocations    | 4 5 |  5.0
Crossbows      | 3 5 7 9 |  9.1
Evocations     | 3 6 |  6.3
Spellcasting   | 1 4 |  4.2
Summonings     | 7 8 |  8.0

Action                   |  1- 3 |  4- 6 |  7- 9 | 10-12 | 13-15 || total
-------------------------+-------+-------+-------+-------+-------++-------
Melee: Long sword        |   117 |   219 |   134 |       |       ||   470
       Great sword       |       |       |   138 |   519 |   282 ||   939
       Demon trident     |       |       |       |     6 |       ||     6
       Scimitar          |       |       |       |       |     4 ||     4
 Fire: Arbalest          |       |       |    30 |   170 |    29 ||   229
Throw: Throwing net      |       |       |     3 |       |       ||     3
Invok: Animate Remains   |       |       |     2 |     5 |       ||     7
       Animate Dead      |       |       |       |    16 |    22 ||    38
       Recall Undead Sla |       |       |       |       |     5 ||     5
       Drain Life        |       |       |       |       |     3 ||     3
Evoke: Wand              |       |       |       |     1 |     1 ||     2
  Use: Potion            |       |     3 |     1 |     6 |     4 ||    14
       Scroll            |       |       |    10 |    10 |       ||    20
 Stab: Sleeping          |       |     1 |       |     1 |       ||     2
       Distracted        |       |     2 |     4 |     5 |     6 ||    17
  Eat: Chunk             |       |    11 |    11 |    11 |    10 ||    43
       Ration            |       |       |     1 |    10 |     4 ||    15
Armor: Leather armour    |    25 |    21 |    32 |   158 |    72 ||   308
       Ring mail         |       |    14 |    21 |       |       ||    35
       Skin              |       |     5 |       |    69 |       ||    74
       Scale mail        |       |       |    15 |       |       ||    15
Dodge: Dodged            |   132 |   194 |   304 |   825 |   402 ||  1857
       Rpst.: Long sword |    38 |    52 |    32 |       |       ||   122
       Great sword       |       |       |    38 |   219 |    97 ||   354

Table legend:
 A = Spawn XP
 B = Non-spawn XP
 C = Spawn XP percentage of total XP
 D = Spawn monster count
 E = Non-spawn monster count
 F = Spawn count percentage of total count
 G = Total turns spent on level
                    A         B        C        D         E        F      G
               +---------+---------+-------+---------+---------+-------+---------
         Total |       0 |   70292 |   0.0 |       0 |     645 |   0.0 | 21870
               +---------+---------+-------+---------+---------+-------+---------
           D:1 |       0 |     121 |   0.0 |       0 |      36 |   0.0 |  1114
           D:2 |       0 |      35 |   0.0 |       0 |      18 |   0.0 |   733
           D:3 |       0 |     176 |   0.0 |       0 |      38 |   0.0 |  1462
           D:4 |       0 |     412 |   0.0 |       0 |      17 |   0.0 |   953
           D:5 |       0 |     621 |   0.0 |       0 |      22 |   0.0 |   940
           D:6 |       0 |    1357 |   0.0 |       0 |      23 |   0.0 |  1206
           D:7 |       0 |     781 |   0.0 |       0 |      18 |   0.0 |   885
           D:8 |       0 |    3992 |   0.0 |       0 |      35 |   0.0 |   826
           D:9 |       0 |    3872 |   0.0 |       0 |      59 |   0.0 |  1703
          D:10 |       0 |    3215 |   0.0 |       0 |      33 |   0.0 |   801
          D:11 |       0 |    4821 |   0.0 |       0 |      38 |   0.0 |  1133
        Lair:1 |       0 |    4641 |   0.0 |       0 |      17 |   0.0 |   921
        Lair:2 |       0 |    1970 |   0.0 |       0 |       9 |   0.0 |   979
        Lair:3 |       0 |    2995 |   0.0 |       0 |      17 |   0.0 |  1047
        Lair:4 |       0 |    2647 |   0.0 |       0 |      17 |   0.0 |   862
        Lair:5 |       0 |    5075 |   0.0 |       0 |      38 |   0.0 |  1069
        Lair:6 |       0 |   11870 |   0.0 |       0 |      66 |   0.0 |  1843
      Spider:1 |       0 |    1107 |   0.0 |       0 |       5 |   0.0 |   147
         Orc:1 |       0 |    1808 |   0.0 |       0 |      22 |   0.0 |   467
         Orc:2 |       0 |   14158 |   0.0 |       0 |      93 |   0.0 |   863
         IceCv |       0 |    4618 |   0.0 |       0 |      24 |   0.0 |  1874
               +---------+---------+-------+---------+---------+-------+---------
